 Dungeon Crawl Stone Soup version 0.30-a0-329-g85436e0a43 (webtiles) character file.

Game seed: 3119670955781653521

395 koil the Shooter (level 6, 0/32 HPs)
             Began as a Spriggan Hunter on Oct 28, 2022.
             Was an Initiate of Kikubaaqudgha.
             Slain by an ufetubus (5 damage)
             ... on level 4 of the Dungeon.
             The game lasted 00:11:49 (4090 turns).

koil the Shooter (Spriggan Hunter)                  Turns: 4090, Time: 00:11:50

Health: 0/32       AC:  2    Str:  7    XL:     6   Next: 52%
Magic:  20/20      EV: 20    Int: 11    God:    Kikubaaqudgha [......]
Gold:   230        SH:  0    Dex: 20    Spells: 11/11 levels left

rFire   . . .      SeeInvis +    a - +1 shortbow
rCold   . . .      Faith    .    (shield currently unavailable)
rNeg    . . .      Spirit   .    d - +0 robe
rPois   .          Reflect  .    (helmet restricted)
rElec   .          Harm     .    (no cloak)
rCorr   .          Rampage  .    (gloves unavailable)
Will    ++...                    (boots unavailable)
Stlth   +++.......               (no amulet)
HPRegen 0.25/turn                r - ring of willpower
MPRegen 0.17/turn                s - ring of magical power

@: very quick
A: very small, no large weapons, unfitting armour, see invisible, speed 3
a: Renounce Religion


You were on level 4 of the Dungeon.
You worshipped Kikubaaqudgha.
Kikubaaqudgha was noncommittal.
You visited 2 branches of the dungeon, and saw 6 of its levels.

You collected 230 gold pieces.

Inventory:

Hand Weapons
 a - a +1 shortbow (weapon)
Missiles
 h - 7 atropa-tipped darts
Armour
 c - a +0 robe
 d - a +0 robe (worn)
Jewellery
 g - a ring of fire
 r - a ring of willpower (left hand)
 s - a ring of magical power (right hand)
Scrolls
 b - 3 scrolls of immolation
 e - 2 scrolls of enchant weapon
 j - a scroll of vulnerability
Potions
 k - 6 potions of curing
 l - a potion of brilliance
 m - a potion of attraction
 n - a potion of invisibility
 p - 2 potions of lignification
 t - a potion of heal wounds


   Skills:
 + Level 2.9 Fighting
 + Level 5.0 Ranged Weapons
 + Level 4.7 Dodging
 + Level 4.8 Stealth
 + Level 3.3 Spellcasting
 + Level 0.3 Necromancy


You had 11 spell levels left.
You didn't know any spells.
Your spell library was empty.

Dungeon Overview and Level Annotations

Branches:
Dungeon (5/15)             Temple (1/1) D:4

Altars:
Ashenzari
Dithmenos
Elyvilon
Fedhas
Gozag
Hepliaklqana
Kikubaaqudgha
Makhleb
Nemelex Xobeh
Trog
Uskayaw
Vehumet
Xom
Yredelemnul
Zin
The Shining One

Shops:
D:3 :(

Annotations:
D:5 Duvessa


Innate Abilities, Weirdness & Mutations

You are very small and have problems with some larger weapons.
You are too small for most types of armour.
You have supernaturally acute eyesight. (SInv)
You cover ground extremely quickly. (Speed+++)


Message History

a +0 leather armour; a +0 hand axe
Things that are here:
a +0 scale mail; a +0 flail You see here a +0 hand axe.
There is a stone staircase leading up here.
You see here a +0 hand axe.
Things that are here:
a +0 scale mail; a +0 flail
There is a stone staircase leading down here.
You climb downwards.
Level annotation: Duvessa The ufetubus misses you.
The ufetubus hits you. The iguana closely misses you.
The ufetubus completely misses you. The ufetubus hits you.
The ufetubus closely misses you. The ufetubus completely misses you. x2
The ufetubus barely misses you. The iguana closely misses you.
The ufetubus misses you. x2
There is a stone staircase leading up here.
The ufetubus misses you. x2; The ufetubus completely misses you. x2
The ufetubus misses you. The ufetubus completely misses you.
The ufetubus hits you. The ufetubus closely misses you. The iguana bites you.
The ufetubus misses you. The ufetubus hits you.
You climb upwards.
There is a stone staircase leading down here.
Unknown command.
You shoot an arrow. The arrow hits the ufetubus.
The ufetubus is heavily wounded.
The ufetubus hits you. The ufetubus barely misses you. The iguana misses you.
The ufetubus completely misses you. The ufetubus hits you.
You shoot an arrow. The arrow hits the ufetubus!
You kill the ufetubus!
Kikubaaqudgha accepts your kill. The iguana bites you!
* * * LOW HITPOINT WARNING * * *
The ufetubus closely misses you. The ufetubus misses you.
You shoot an arrow. The arrow barely misses the ufetubus.
The ufetubus misses you. The ufetubus hits you.
* * * LOW HITPOINT WARNING * * *
The iguana misses you. The ufetubus hits you.
You die...
Kikubaaqudgha rasps: "You have failed me!
Welcome... death!"

##).........#
#.#.###.##.###.###
............####..##
##.#........
#########.........#
#...###.### #
#.#.###.#.## ##.......###
#
#.#.##...#.###.#####..)..
#########.#.#.###.#....#
###.#### [........[..#)#
#5.....# #.......
....#####.###.###l##.#.#
#....... ###.# #.#
##.5@###...###....... #.#
#.# ##### ###...........
#.# ##)## ###.#.......
#.# ##...## #h#.......
#.###.....## #.#.......
#.##.......# #.####.###
#.###.....## #.........
#.# ##...## ######.###
###.#####.## #.#


You could see an iguana and 2 ufetubi.

Vanquished Creatures
  A necrophage (D:4)
  4 hounds (D:4)
  An orc wizard (D:5)
  7 gnolls
  5 adders
  An ufetubus (D:4)
  A worm (D:3)
  4 dart slugs
  8 orcs
  7 endoplasms
  A giant cockroach (D:3)
  4 jackals (D:4)
  7 kobolds
  A quokka (D:2)
  9 ball pythons
  6 bats
  3 frilled lizards
  6 goblins
  A rat (D:2)
77 creatures vanquished.

Vanquished Creatures (others)
  6 fungi (D:4)
6 creatures vanquished.

Grand Total: 83 creatures vanquished

Notes
Turn   | Place    | Note
-------+----------+-------------------------------------------
     0 | D:1      | koil the Spriggan Hunter began the quest for the Orb.
     0 | D:1      | Reached XP level 1. HP: 10/10 MP: 2/2
    41 | D:1      | Reached XP level 2. HP: 15/15 MP: 2/4
   193 | D:1      | Reached skill level 1 in Spellcasting
   677 | D:2      | Reached XP level 3. HP: 18/18 MP: 5/5
  1162 | D:2      | Reached XP level 4. HP: 15/23 MP: 7/7
  1351 | D:3      | Identified the +9 triple sword "Yhy Tut Bat" {flame, rF+
                  | rC+ Str+2}
  1398 | D:3      | Found Nureeho's Book Boutique.
  1577 | D:3      | Found a sparkling altar of Nemelex Xobeh.
  1921 | D:3      | Found Kekoes's Weapon Boutique.
  2489 | D:4      | Reached XP level 5. HP: 27/27 MP: 9/9
  2627 | D:4      | Found a staircase to the Ecumenical Temple.
  3095 | D:4      | Reached XP level 6. HP: 17/32 MP: 11/11
  3505 | Temple   | Entered the Ecumenical Temple
  3690 | Temple   | Became a worshipper of Kikubaaqudgha
  3800 | D:5      | Entered Level 5 of the Dungeon
  3852 | D:5      | Noticed Duvessa
  3904 | D:5      | Found a blossoming altar of Fedhas.
  3982 | D:4      | Reached skill level 5 in Ranged Weapons
  4090 | D:4      | Slain by an ufetubus

Illustrated notes

Levels and vault maps discovered:
D:1:      amcnicky_arrival_single_pillar, layout_rooms, minivault_26
D:2:      layout_basic
D:3:      layout_basic, nemelex_dance_club_becter, serial_shops,
          nicolae_shop_temple_entry_statues_fountains,
          nicolae_shop_advertising_works [nicolae_subvault_shop_adworks]
D:4:      layout_loops_ring, lemuel_temple_firewalk_a, dreamdust_gnoll_farm
D:5:      layout_cave_pools, mainiacjoe_overflow_two_lobes, fedhas_altar_2,
          uniq_duvessa
Temple:   nicolae_temple_bog_church

Skill      XL: |  1  2  3  4  5  6 |
---------------+-------------------+-----
Stealth        | 2 3 4 |  4.8
Dodging        | 3 4 |  4.7
Spellcasting   | 1 2 3 |  3.3
Fighting       | 2 |  2.9
Ranged Weapons | 5 |  5.0
Necromancy     | |  0.3

Action                   |  1- 3 |  4- 6 || total
-------------------------+-------+-------++-------
 Fire: Shortbow          |    95 |   145 ||   240
  Use: Scroll            |       |     9 ||     9
       Potion            |       |     2 ||     2
Armor: Robe              |     1 |     4 ||     5
Dodge: Dodged            |    26 |   118 ||   144

Table legend: (Time is in decaauts)
 A = Elapsed time spent in this place.
 B = Non-inter-level travel time spent in this place.
 C = Inter-level travel time spent in this place.
 D = Time resting spent in this place.
 E = Time spent auto-exploring this place.
 F = Levels seen in this place.
 G = Mean time per level.
                   A        B        C        D        E       F      G
               +--------+--------+--------+--------+--------+-----+--------+
         Total |   2811 |   2634 |    177 |     98 |   1913 |   6 |  468.5 |
       Dungeon |   2656 |   2497 |    159 |     98 |   1816 |   5 |  531.2 |
        Temple |    155 |    137 |     18 |      0 |     96 |   1 |  155.0 |
               +--------+--------+--------+--------+--------+-----+--------+

Top non-repeatable levels by time:
     D:4: 991 daAuts
     D:3: 714 daAuts
     D:2: 507 daAuts
     D:1: 363 daAuts
  Temple: 155 daAuts
     D:5: 79 daAuts
